 Dungeon Crawl Stone Soup version 0.26-a0-720-g2a1d101370 (webtiles) character file.

Game seed: 4477795938611632532

197150 merlinx42 the Executioner (level 17, -3/168 HPs)
             Began as a Minotaur Berserker on Nov 3, 2020.
             Was a High Priest of Trog.
             Slain by an azure jelly (5 damage)
             ... created by the Royal Jelly
             ... on level 5 of the Pits of Slime.
             The game lasted 01:26:11 (43347 turns).

merlinx42 the Executioner (Minotaur Berserker)     Turns: 43347, Time: 01:26:12

Health: -3/168     AC: 15    Str: 25    XL:     17   Next: 76%
Magic:  14/14      EV: 17    Int:  3    God:    Trog [*****.]
Gold:   1112       SH:  0    Dex: 15    Spells: 16/16 levels left

rFire    . . .     SeeInvis .   Z - +7 executioner's axe of Greed {flame, Dex+4}
rCold    . . .     Faith    .   (shield currently unavailable)
rNeg     . . .     Spirit   .   i - +2 chain mail {rPois}
rPois    +         Reflect  +   k - +2 hat
rElec    .         Harm     .   w - +0 cloak
rCorr    +         Rampage  .   W - +3 pair of gauntlets of War {Slay+5}
MR       ++...     Rnd*Rage +   c - +2 pair of boots {Fly}
Stlth    ..........             s - amulet of reflection
HPRegen  0.38/turn              Q - ring of protection from magic
MPRegen  0.14/turn              f - ring of resist corrosion

@: confused, corroded, flying
A: retaliatory headbutt, horns 2, berserk 1, blurry vision 3, deformed body,
dopey 1, low mp 1, weak 1, subdued magic 1
}: 1/15 runes: serpentine
a: Berserk, Trog's Hand, Brothers in Arms, Renounce Religion, Stop Flying


You were on level 5 of the Pits of Slime.
You worshipped Trog.
Trog was extremely pleased with you.
You visited 5 branches of the dungeon, and saw 32 of its levels.
You also visited: Ossuary.

You collected 2980 gold pieces.
You spent 1868 gold pieces at shops.

Inventory:

Hand Weapons
 d - the +0 battleaxe of Modesty {flame, Str+2 Int+4}
   (Trog gifted it to you on level 4 of the Snake Pit)

   It has been specially enchanted to burn those struck by it, causing extra
   injury to most foes and up to half again as much damage against particularly
   susceptible opponents.
   Big, fiery blades are also staple armaments of hydra-hunters.
   It affects your strength (+2).
   It affects your intelligence (+4).
 o - a +7 antimagic battleaxe
 J - a +2 executioner's axe of venom
 K - the +9 executioner's axe "Giedoc" {vorpal, MR+}
   (Trog gifted it to you on level 1 of the Orcish Mines)

   It inflicts extra damage upon your enemies.
   It affects your resistance to hostile enchantments.
 Z - the +7 executioner's axe of Greed (weapon) {flame, Dex+4}
   (Trog gifted it to you on level 3 of the Snake Pit)

   It has been specially enchanted to burn those struck by it, causing extra
   injury to most foes and up to half again as much damage against particularly
   susceptible opponents.
   Big, fiery blades are also staple armaments of hydra-hunters.
   It affects your dexterity (+4).
Missiles
 n - 135 poisoned darts (quivered)
 y - 2 silver boomerangs
 z - 8 curare-tipped darts
 X - 2 atropa-tipped darts
Armour
 c - a +2 pair of boots of flying (worn)
 i - a +2 chain mail of poison resistance (worn)
 k - a +2 hat (worn)
 r - +0 ice dragon scales
 w - a +0 cloak (worn)
 W - the +3 pair of gauntlets of War (worn) {Slay+5}
   (You found it on level 12 of the Dungeon)

   It affects your accuracy and damage with ranged weapons and melee attacks
   (+5).
Jewellery
 a - an uncursed amulet of the acrobat
 f - a ring of resist corrosion (right hand)
 j - an uncursed ring of protection from fire
 l - a +6 ring of intelligence
 s - an amulet of reflection (around neck)
 v - an uncursed amulet of regeneration
 G - a cursed amulet of inaccuracy {unknown}
 Q - a ring of protection from magic (left hand)
Wands
 h - a wand of acid (21)
 q - a wand of paralysis (15)
 t - a wand of iceblast (21)
 x - a wand of polymorph (8)
 F - a wand of digging (8)
 I - a wand of random effects (8)
 N - a wand of flame (43)
Scrolls
 g - 11 scrolls of remove curse
 m - a scroll of fog
 B - 3 scrolls of teleportation
 C - a scroll of blinking
 P - 4 scrolls of fear
 T - 7 scrolls of enchant weapon
Potions
 p - 2 potions of brilliance {unknown}
 u - 5 potions of curing
 D - 2 potions of magic {unknown}
 L - a potion of heal wounds
 M - a potion of ambrosia {unknown}
 O - 2 potions of might
 R - 3 potions of cancellation
 U - 2 potions of invisibility
 V - 3 potions of stabbing
 Y - a potion of resistance {unknown}


   Skills:
 + Level 19.4 Fighting
 + Level 22.0 Axes
 - Level 6.6 Throwing
 + Level 15.1 Armour
 + Level 14.2 Dodging


You had 16 spell levels left.
You didn't know any spells.
Your spell library was empty.

Dungeon Overview and Level Annotations

Branches:
Dungeon (15/15)            Temple (0/1) D:7            Lair (6/6) D:9
 Shoals (0/4) Lair:2        Snake (4/4) Lair:3        Slime (5/5) Lair:5
    Orc (2/2) D:10            Elf (0/3) Orc:2        Vaults (0/5) D:13
 Depths (0/5) D:15        Ossuary (visited)

Altars:
Ashenzari
Cheibriados
Dithmenos
Elyvilon
Gozag
Makhleb
Nemelex Xobeh
Qazlal
Ru
Sif Muna
Trog
Uskayaw
Vehumet
Yredelemnul

Shops:
D:4 ?   D:9 }   D:10 ([(   Orc:2 **}[   Snake:3 ?[(:=[(}!   Snake:4 :

Portals:
Trove: D:11 (give 12 potions of heal wounds)

Annotations:
D:12 2 transporters, Dezowyna's ghost, journeyman DDFi
Slime:5 Royal Jelly


Innate Abilities, Weirdness & Mutations

You reflexively headbutt those who attack you in melee.
You have a pair of horns on your head.
You tend to lose your temper in combat.
Scrolls take you much longer to read.
Armour fits poorly on your strangely shaped body.
You are dopey. (Int -2)
Your magical capacity is low. (-10% MP)
You are weak. (Str -2)
Your spells are a little easier to cast, but a little less powerful.


Message History

* * * LOW HITPOINT WARNING * * *
The golden eye blinks at you.
You easily resist.
The acid blob misses you. The golden eye blinks at you.
You resist with almost no effort.
You're too confused to move!
The azure jelly misses you.
The azure jelly hits you but does no damage.
The azure jelly misses you. The azure jelly closely misses you.
The azure jelly hits you but does no damage.
The azure jelly barely misses you. The azure jelly misses you.
The azure jelly barely misses you. The golden eye blinks at you.
You resist with almost no effort. The acid blob misses you.
The golden eye blinks at you. You resist with almost no effort.
The azure jelly hits you.
* * * LOW HITPOINT WARNING * * *
The azure jelly freezes you!!
* * * LOW HITPOINT WARNING * * *
The azure jelly hits you.
You die...

,,_,*,,,#....................,,**
*,,********#.................,,,*
**,*,*,,** #.................,,**
*,,**,,,,* #....G............,**
*,**,,,,,*##.................,,*
*,,**,,,*##.....ยง............,**
**,*,,,**.......JJ...........,*
*,,**,**#......JJJJ..........,*
*,******.......G@JJ.........#**
,,**,,,,........JJ.J........#**
,,,,,,,,,........J..<........,*
,,,,,,,,,..............#.#...,*
,,,,,,,,,..............###*..,*
,,,,,,,,,..........#.### **.**
,,,,,,,,,.........#### *,*
,,,,,,,,,.........#* ***
,,,,,,,,,,,,,....,,*


You could see the Royal Jelly, 3 acid blobs, 6 azure jellies, 2 death oozes and
2 golden eyes.

Vanquished Creatures
  3 acid blobs
  Frances (D:12)
  Kirke (D:14)
  6 nagarajas
  4 azure jellies
  Snorg (Lair:6)
  Fannar (D:12)
  Josephine (Lair:6)
  2 great orbs of eyes
  Erolcha (D:13)
  4 hydras
  A boulder beetle (Lair:5)
  4 vault guards (D:13)
  16 naga warriors
  4 catoblepae
  Harold (Lair:1)
  3 ice dragons
  12 anacondas
  3 centaur warriors
  Erica (D:10)
  14 two-headed ogres (Orc:2)
  3 ogre magi (Orc:2)
  14 death yaks
  An orc high priest (Orc:1)
  8 shock serpents
  21 naga sharpshooters
  30 slime creatures
  5 skeletal warriors (D:14)
  2 unseen horrors
  Pikel (D:5)
  A lindwurm (Lair:6)
  8 naga ritualists
  3 ugly things
  5 deep elf magi
  2 mana vipers
  5 shining eyes
  2 orc sorcerers
  A shining eye (shapeshifter) (D:14)
  5 cyclopes
  2 manticores (Lair:6)
  6 salamanders
  Maurice (D:13)
  3 elephants (Lair:5)
  4 merfolk sirens (Lair:2)
  A black mamba (shapeshifter) (D:14)
  4 guardian serpents
  3 gargoyles (D:14)
  23 naga magi
  35 black mambas
  15 cane toads
  3 centaur skeletons
  Maggie (Lair:2)
  A rime drake (Lair:3)
  7 komodo dragons
  2 ice devils (D:12)
  6 trolls
  A hornet (shapeshifter) (D:13)
  2 polar bears
  8 blink frogs
  A meliai zombie (D:14)
  A spriggan (shapeshifter) (D:14)
  5 wraiths
  A shadow (D:11)
  A vampire (D:12)
  A water elemental (D:13)
  A hog (D:14)
  5 wyverns
  37 yaks
  5 basilisks
  8 humans
  A steam dragon (D:11)
  7 vampire mosquitoes (D:13)
  Menkaure (D:5)
  5 wargs
  54 nagas
  A soldier ant (D:12)
  2 acid dragons
  11 water moccasins
  An eye of draining (D:13)
  2 ice beasts
  A swamp drake (Orc:2)
  4 sky beasts
  34 ogres
  6 phantoms
  3 black bears
  A hornet zombie (D:12)
  13 orc warriors
  A necrophage (D:14)
  7 wolves
  2 lemures (D:5)
  10 centaurs
  2 big kobolds
  An elf zombie (Ossuary)
  21 bullfrogs
  A water moccasin zombie (D:9)
  2 wyvern skeletons
  A scorpion (D:11)
  11 wights
  12 killer bees
  3 electric eels
  A howler monkey (D:12)
  A crimson imp (Orc:2)
  5 centaur zombies
  2 quasits
  2 bullfrog zombies
  10 hounds
  15 jellies
  11 orc priests
  A bullfrog skeleton (D:13)
  A human zombie (Ossuary)
  An iron imp (Orc:2)
  6 iguanas
  7 worker ants
  25 orc wizards
  Ijyb (D:5)
  Terence (D:2)
  A hound skeleton (D:8)
  2 hound zombies (Ossuary)
  4 mummies (Ossuary)
  14 gnolls
  24 adders
  3 shadow imps
  4 white imps
  3 ufetubi
  4 oozes
  An adder zombie (Ossuary)
  An adder skeleton (D:4)
  2 worms
  A dart slug (D:1)
  4 leopard geckos
  80 orcs
  4 bats
  4 giant cockroaches
  3 goblins
  12 hobgoblins
  18 jackals
  5 quokkas
  2 ball pythons
  4 frilled lizards
  2 goblin zombies (Ossuary)
  A hobgoblin zombie (Ossuary)
  A jackal zombie (Ossuary)
  16 kobolds
  A kobold skeleton (D:3)
  A kobold zombie (Ossuary)
  A leopard gecko skeleton (D:6)
  An orc zombie (Ossuary)
  A quokka skeleton (D:4)
  A quokka zombie (D:8)
  11 rats
  A rat zombie (Ossuary)
944 creatures vanquished.

Vanquished Creatures (collateral kills)
  A nagaraja (Snake:4)
  An ogre mage (Orc:2)
  2 naga sharpshooters (Snake:4)
  A naga ritualist (Snake:4)
  A kobold demonologist (D:12)
  A komodo dragon (Lair:4)
  2 slime creatures (D:12)
  A naga (Snake:4)
  An ogre (Orc:2)
  A bullfrog (D:12)
  2 wights (D:12)
14 creatures vanquished.

Vanquished Creatures (others)
  A vault guard (D:13)
  21 fungi
  27 plants
49 creatures vanquished.

Grand Total: 1007 creatures vanquished

Notes
Turn   | Place    | Note
-------+----------+-------------------------------------------
     0 | D:1      | merlinx42 the Minotaur Berserker began the quest for the
                  | Orb.
     0 | D:1      | Reached XP level 1. HP: 19/19 MP: 0/0
   353 | D:1      | Reached skill level 4 in Axes
   464 | D:1      | Reached XP level 2. HP: 26/26 MP: 1/1
   800 | D:1      | Reached skill level 5 in Axes
  1092 | D:2      | Reached XP level 3. HP: 31/31 MP: 2/2
  1092 | D:2      | Reached ** piety under Trog
  1188 | D:2      | Reached skill level 6 in Axes
  1188 | D:2      | Reached XP level 4. HP: 39/39 MP: 3/3
  2072 | D:2      | Noticed Terence
  2082 | D:2      | Killed Terence
  2082 | D:2      | Reached XP level 5. HP: 45/45 MP: 4/4
  2097 | D:2      | Reached skill level 7 in Axes
  2489 | D:3      | Found a shadowy altar of Dithmenos.
  2542 | D:3      | Found a runed translucent door.
  2542 | D:3      | Noticed a human
  2557 | D:3      | Found a basalt altar of Yredelemnul.
  2737 | D:3      | Killed a human
  2737 | D:3      | Reached skill level 8 in Axes
  2737 | D:3      | Reached XP level 6. HP: 48/51 MP: 5/5
  2970 | D:3      | Found a radiant altar of Vehumet.
  3004 | D:3      | Reached *** piety under Trog
  3117 | D:3      | Found a broken altar of Ashenzari.
  3349 | D:4      | Reached skill level 9 in Axes
  3403 | D:4      | Found Kullor's Magic Scroll Boutique.
  3406 | D:4      | Bought a scroll of identify for 20 gold pieces
  3406 | D:4      | Bought a scroll of remove curse for 30 gold pieces
  3494 | D:4      | Reached XP level 7. HP: 57/57 MP: 6/6
  3858 | D:4      | Reached skill level 10 in Axes
  4545 | D:5      | Entered Level 5 of the Dungeon
  4596 | D:5      | Noticed Pikel
  4606 | D:5      | Killed Pikel
  4606 | D:5      | Reached skill level 12 in Axes
  4606 | D:5      | Reached XP level 8. HP: 64/64 MP: 7/7
  4646 | D:5      | Noticed Ijyb
  4659 | D:5      | Killed Ijyb
  5007 | D:5      | Found a sand-covered staircase.
  5020 | Ossuary  | Entered an ossuary
  5029 | Ossuary  | Reached **** piety under Trog
  5378 | D:5      | Noticed Menkaure
  5386 | D:5      | Killed Menkaure
  5386 | D:5      | Reached skill level 13 in Axes
  5868 | D:6      | Reached XP level 9. HP: 66/70 MP: 8/8
  5900 | D:6      | Found a stormy altar of Qazlal.
  5934 | D:6      | Reached skill level 14 in Axes
  5989 | D:6      | Found a white marble altar of Elyvilon.
  6198 | D:6      | Found a snail-covered altar of Cheibriados.
  6781 | D:7      | Reached ***** piety under Trog
  6790 | D:7      | Reached skill level 5 in Fighting
  7487 | D:7      | Found a shimmering blue altar of Sif Muna.
  7556 | D:7      | Found a staircase to the Ecumenical Temple.
  7792 | D:8      | Received a gift from Trog
  7856 | D:8      | Reached skill level 15 in Axes
  8088 | D:8      | Found a burning altar of Makhleb.
  8634 | D:9      | Reached XP level 10. HP: 72/83 MP: 9/9
  8642 | D:9      | Reached skill level 16 in Axes
  9332 | D:9      | Reached skill level 17 in Axes
  9738 | D:9      | Found a staircase to the Lair.
  9891 | Lair:1   | Entered Level 1 of the Lair of Beasts
  9891 | Lair:1   | Noticed a black mamba
  9902 | Lair:1   | Killed a black mamba
 10008 | D:9      | Found Boal Jikk's Gadget Emporium.
 10174 | D:10     | Entered Level 10 of the Dungeon
 10416 | D:10     | Found Iziotis's Antique Armour Shop.
 10450 | D:10     | Noticed Erica
 10464 | D:10     | Killed Erica
 10464 | D:10     | Reached XP level 11. HP: 74/95 MP: 10/10
 10555 | D:10     | Found a staircase to the Orcish Mines.
 10574 | D:10     | Found Saskois's Antique Weapon Shoppe.
 10679 | D:10     | Received a gift from Trog
 10968 | D:10     | Found Qeerretz's Weapon Emporium.
 11232 | Lair:1   | Noticed Harold
 11245 | Lair:1   | Killed Harold
 11435 | Lair:1   | Reached skill level 10 in Fighting
 12633 | Lair:2   | Noticed Maggie
 12657 | Lair:2   | Killed Maggie
 12933 | Lair:2   | Reached skill level 5 in Dodging
 13324 | Lair:2   | Found a staircase to the Shoals.
 13616 | Lair:3   | Reached XP level 12. HP: 86/110 MP: 11/11
 13853 | Lair:3   | Found a staircase to the Snake Pit.
 13979 | Lair:3   | Noticed a four-headed hydra
 13984 | Lair:3   | Killed a two-headed hydra
 14100 | Lair:3   | Reached skill level 10 in Dodging
 15421 | Lair:4   | Noticed a catoblepas
 15454 | Lair:4   | Killed a catoblepas
 16063 | Lair:4   | Noticed an ice dragon
 16073 | Lair:4   | Killed an ice dragon
 16369 | Lair:4   | Reached skill level 5 in Armour
 16521 | Lair:5   | Noticed a death yak
 16521 | Lair:5   | Noticed a death yak
 16521 | Lair:5   | Noticed a death yak
 16521 | Lair:5   | Noticed a death yak
 16527 | Lair:5   | Noticed a death yak
 16547 | Lair:4   | Killed a death yak
 16863 | Lair:4   | Killed a death yak
 16866 | Lair:4   | Killed a death yak
 17146 | Lair:5   | Killed a death yak
 17148 | Lair:5   | Killed a death yak
 17148 | Lair:5   | Reached XP level 13. HP: 103/117 MP: 12/12
 17325 | Lair:5   | Found a staircase to the Slime Pits.
 17578 | Lair:5   | Found a white marble altar of Elyvilon.
 18197 | Lair:6   | Entered Level 6 of the Lair of Beasts
 18202 | Lair:6   | Noticed Snorg
 18406 | Lair:6   | Reached skill level 10 in Armour
 18694 | Lair:6   | Noticed Josephine
 18722 | Lair:6   | Killed Josephine
 18950 | Lair:6   | Received a gift from Trog
 18964 | Lair:6   | Found a sacrificial altar of Ru.
 19119 | Lair:6   | Killed Snorg
 20002 | Lair:6   | Reached XP level 14. HP: 68/133 MP: 13/13
 20798 | Orc:1    | Entered Level 1 of the Orcish Mines
 21040 | Orc:2    | Entered Level 2 of the Orcish Mines
 21185 | Orc:2    | Reached skill level 1 in Throwing
 21216 | Orc:2    | Reached skill level 15 in Fighting
 21303 | Orc:1    | Received a gift from Trog
 21304 | Orc:1    | Got a transparent executioner's axe {god gift}
 21629 | Orc:1    | Identified the +9 executioner's axe "Giedoc" {vorpal, MR+}
                  | (Trog gifted it to you on level 1 of the Orcish Mines)
 21750 | Orc:2    | Reached skill level 5 in Throwing
 21760 | Orc:2    | Found Gylugh's Armour Emporium.
 21808 | Orc:2    | Found a staircase to the Elven Halls.
 22077 | Orc:2    | Found Kile Xaixa's Assorted Antiques.
 22229 | Orc:2    | Found Radupua's Gadget Boutique.
 22230 | Orc:2    | Found Yryvyoji's Assorted Antiques.
 22880 | Orc:2    | Bought a scroll labeled TUUNUA HYLEPI for 36 gold pieces
 23027 | Snake:1  | Entered Level 1 of the Snake Pit
 23043 | Snake:1  | Reached skill level 18 in Axes
 24643 | Snake:1  | Reached XP level 15. HP: 49/143 MP: 4/14
 25522 | Snake:2  | Reached skill level 19 in Axes
 25571 | Snake:3  | Found Boqygguv's Distillery.
 25580 | Snake:3  | Bought a potion of curing for 57 gold pieces
 25580 | Snake:3  | Bought a potion of heal wounds for 95 gold pieces
 25580 | Snake:3  | Bought a potion of heal wounds for 95 gold pieces
 25580 | Snake:3  | Bought a potion of curing for 57 gold pieces
 25622 | Snake:3  | Found a hide-covered altar of Uskayaw.
 25656 | Snake:3  | Received a gift from Trog
 25659 | Snake:3  | Got a crystal executioner's axe {god gift}
 25660 | Snake:3  | Identified the +7 executioner's axe of Greed {flame, Dex+4}
                  | (Trog gifted it to you on level 3 of the Snake Pit)
 26319 | Snake:3  | Found Xaufyid's Antique Weapon Emporium.
 26320 | Snake:3  | Found Reannaf's Jewellery Emporium.
 26321 | Snake:3  | Found Jueno's Antique Armour Emporium.
 26330 | Snake:3  | Found Muceuwai's Book Emporium.
 27203 | Snake:3  | Bought a pair of glowing boots for 232 gold pieces
 27220 | Snake:3  | Bought an uncursed amulet of reflection for 600 gold pieces
 27428 | Snake:4  | Entered Level 4 of the Snake Pit
 27433 | Snake:3  | Found Rienewk's Weapon Boutique.
 27448 | Snake:3  | Reached skill level 20 in Axes
 29001 | Snake:2  | Reached skill level 21 in Axes
 29028 | Snake:2  | Noticed a nagaraja
 29039 | Snake:2  | Killed a nagaraja
 30383 | Snake:4  | Found Jurure's Book Emporium.
 30388 | Snake:4  | Noticed a nagaraja
 30441 | Snake:4  | Killed a nagaraja
 30441 | Snake:4  | Received a gift from Trog
 30689 | Snake:4  | Noticed a nagaraja
 30706 | Snake:3  | Reached XP level 16. HP: 150/152 MP: 5/15
 34334 | Snake:4  | Received a gift from Trog
 34338 | Snake:4  | Got a scorched battleaxe {god gift}
 34339 | Snake:4  | Identified the +0 battleaxe of Modesty {flame, Str+2 Int+4}
                  | (Trog gifted it to you on level 4 of the Snake Pit)
 35696 | Snake:4  | Got a serpentine rune of Zot
 35891 | Snake:3  | Found Etza's Armour Shoppe.
 35903 | Snake:3  | Bought a cursed +0 pair of gloves for 28 gold pieces
 36000 | Snake:3  | Found Zekif's Magic Scroll Shoppe.
 36022 | Snake:3  | Bought a scroll of enchant weapon for 120 gold pieces
 36022 | Snake:3  | Bought a scroll of identify for 32 gold pieces
 36022 | Snake:3  | Bought a scroll of identify for 32 gold pieces
 36331 | Snake:3  | Found Anidut's Gadget Emporium.
 36845 | D:11     | Found a portal to a secret trove of treasure.
 37111 | D:11     | Found a bloodstained altar of Trog.
 37486 | D:12     | Found the +3 pair of gauntlets of War {Slay+5}
 37555 | D:12     | Noticed Dezowyna's ghost (journeyman DDFi)
 37568 | D:12     | Noticed Fannar
 37576 | D:12     | Noticed Frances
 37579 | D:12     | Killed Fannar
 37618 | D:13     | Noticed Erolcha
 37621 | D:13     | Received a gift from Trog
 37630 | D:13     | Killed Erolcha
 38212 | D:13     | Noticed Maurice
 38252 | D:13     | Killed Maurice
 38487 | D:13     | Reached XP level 17. HP: 150/166 MP: 5/16
 38499 | D:13     | Found a gate to the Vaults.
 38852 | D:12     | Killed Frances
 39076 | D:12     | Identified the +9 morningstar "Impslayer" {vorpal, rC+
                  | rN++}
 39086 | D:12     | Found a transporter.
 39090 | D:12     | Found a transporter.
 40139 | D:14     | Noticed Kirke
 40147 | D:14     | Killed Kirke
 40187 | D:14     | Found an opulent altar of Gozag.
 40324 | D:14     | Found a sparkling altar of Nemelex Xobeh.
 40383 | D:14     | Gained mutation: You are robust. (+10% HP) [a shining eye]
 40463 | D:14     | Received a gift from Trog
 40526 | D:14     | Reached ****** piety under Trog
 41130 | D:15     | Entered Level 15 of the Dungeon
 41319 | D:15     | Found a staircase to the Depths.
 42102 | Snake:3  | Bought a runed hat for 217 gold pieces
 42102 | Snake:3  | Bought an embroidered hat for 217 gold pieces
 42275 | Slime:1  | Entered Level 1 of the Pits of Slime
 42296 | Slime:1  | Gained mutation: Scrolls take you a little longer to read.
                  | [a shining eye]
 42299 | Slime:1  | Gained mutation: Scrolls take you longer to read. [a
                  | shining eye]
 42369 | Slime:1  | Gained mutation: Armour fits poorly on your strangely
                  | shaped body. [a shining eye]
 42376 | Slime:1  | Gained mutation: Your magical capacity is low. (-10% MP) [a
                  | shining eye]
 42496 | Slime:1  | Gained mutation: Your spells are a little easier to cast,
                  | but a little less powerful. [a shining eye]
 42498 | Slime:1  | Lost mutation: You are robust. (+10% HP) [a shining eye]
 42499 | Slime:1  | Gained mutation: Scrolls take you much longer to read. [a
                  | shining eye]
 42504 | Slime:1  | Gained mutation: You tend to lose your temper in combat. [a
                  | shining eye]
 42505 | Slime:1  | Gained mutation: You are dopey. (Int -2) [a shining eye]
 42634 | Slime:2  | Gained mutation: You are weak. (Str -2) [a shining eye]
 42873 | Slime:4  | Noticed an acid blob
 42873 | Slime:4  | Noticed an acid blob
 42980 | Slime:4  | Killed an acid blob
 42980 | Slime:4  | Reached skill level 22 in Axes
 43237 | Slime:4  | Killed an acid blob
 43237 | Slime:4  | Reached skill level 15 in Armour
 43303 | Slime:5  | Entered Level 5 of the Pits of Slime
 43310 | Slime:5  | Noticed an acid blob
 43318 | Slime:5  | Killed an acid blob
 43334 | Slime:5  | Noticed the Royal Jelly
 43334 | Slime:5  | Noticed an acid blob
 43342 | Slime:5  | Noticed an acid blob
 43346 | Slime:5  | Noticed an acid blob
 43347 | Slime:5  | HP: 2/168 [azure jelly[the Royal Jelly] (23)]
 43347 | Slime:5  | Slain by an azure jelly

Illustrated notes

Levels and vault maps discovered:
D:1:      minmay_arrival_shattered_statue, layout_basic
D:2:      lemuel_upstairs_altar, layout_basic, serial_co_window_serial,
          co_window_paths_a, co_window_of_opportunity_a, co_window_paths_a,
          co_window_of_opportunity_a, co_window_of_opportunity_a,
          co_window_paths_b, co_window_broadway_a, co_window_corner_b,
          co_window_2corner, co_window_cross_3, co_window_corner_b,
          co_window_sun, co_window_4corner_b, glass_columns_a, uniq_terence
D:3:      layout_loops_cross, lemuel_coloured_pillars_altar, old_standard_altar,
          lemuel_crystal_altar, dk_yredelemnul_ordeal
D:4:      layout_rooms, serial_shops, kennysheep_mini
D:5:      layout_loops_cross, nicolae_ossuary_entry_ruins, uniq_ijyb,
          uniq_menkaure, uniq_pikel
D:6:      layout_basic, marbit_many_paths, grunt_qazlal_sundering, minmay_holes,
          palyth_stone_intersect, elyvilon_altar_3
D:7:      layout_cave_pools, lemuel_round_altar,
          minmay_temple_entry_antechambers
D:8:      layout_rooms, basic_altar, kennysheep_generic_room_13
D:9:      layout_basic, erik_lair_island, serial_shops, shop_statue,
          due_unseen_surprise
D:10:     layout_long_grid, orc_0_dummy, serial_shops, nicolae_shop_statue_plus,
          nicolae_shop_stone, nicolae_shop_stone, uniq_erica
D:11:     layout_roguey, basic_altar, nicolae_trove_entry_diagonal
D:12:     layout_basic, portal_ice_cave_demonic_guard, gammafunk_ghost_hive,
          uniq_frances, uniq_fannar
D:13:     layout_cave_pools, ximxim_vaults_locker_room, minivault_4,
          lemuel_flamethrower_3, uniq_maurice, uniq_erolcha
D:14:     layout_stronghold, lemuel_tele_altar, st_stairs_3,
          grunt_gozag_statues, uniq_kirke
D:15:     grunt_enter_depths_hoard, layout_rooms, grunt_decor_mini_mirrors
Lair:1:   layout_regular_city, uniq_harold
Lair:2:   layout_misc_corridors, elwin_shoals_entry_stream, uniq_maggie
Lair:3:   layout_chaotic_city, guppyfry_snake_entry_island
Lair:4:   dragon1_lemuel, layout_regular_city
Lair:5:   layout_gridlike, minmay_slime_entry_jelly_boxes, basic_altar,
          st_stairs_6, serial_bayou_shore_a, grunt_megastairs_4
Lair:6:   evilmike_catoblepas_cave, layout_misc_corridors, enter_volcano_1,
          basic_altar, uniq_josephine, uniq_snorg
Snake:1:  layout_layer_cave, grunt_ministairs_5
Snake:2:  layout_honeycomb
Snake:3:  layout_cave_pods, serial_shops, shop_fountains, shop, shop, shop,
          shop, basic_altar, minmay_shop_grid_forest
Snake:4:  snake_pit, layout_cave_town, serial_shops, shop, lemuel_fruit_tree
Slime:1:  layout_caves
Slime:2:  layout_caves
Slime:3:  cheibrodos_slime_lost_civilization_9, layout_caves, uniq_dissolution
Slime:4:  layout_caves
Slime:5
Orc:1:    layout_diamond_mine, mines2_david
Orc:2:    st_orc_ogre_mass, layout_caves, hangedman_minor_magic

Skill      XL: |  1  2  3  4  5  6  7  8  9 10 11 12 13 14 15 16 17 |
---------------+----------------------------------------------------+-----
Axes           | 4 5 6 8 9 12 13 15 17 18 21 22 | 22.0
Fighting       | 6 8 11 14 15 16 18 19 | 19.4
Dodging        | 8 11 13 14 | 14.2
Armour         | 8 12 14 15 | 15.1
Throwing       | 6 |  6.6

Action                   |  1- 3 |  4- 6 |  7- 9 | 10-12 | 13-15 | 16-18 || total
-------------------------+-------+-------+-------+-------+-------+-------++-------
Melee: Hand axe          |    68 |    59 |       |       |       |       ||   127
       Headbutt          |    10 |    29 |    52 |    76 |   176 |   149 ||   492
       War axe           |       |    81 |   355 |   122 |       |       ||   558
       Battleaxe         |       |       |       |   312 |   759 |   522 ||  1593
       Executioner's axe |       |       |       |       |    33 |   144 ||   177
Throw: Dart              |       |       |       |     2 |    40 |     8 ||    50
Invok: Berserk           |       |     1 |     1 |       |     1 |     1 ||     4
       Trog's Hand       |       |       |       |     1 |     6 |     1 ||     8
       Brothers in Arms  |       |       |       |     2 |     2 |     2 ||     6
  Use: Scroll            |       |     2 |     4 |     8 |     7 |    20 ||    41
       Potion            |       |       |     4 |     2 |     2 |     4 ||    12
 Stab: Distracted        |       |       |       |     1 |       |       ||     1
       Petrifying        |       |       |       |     1 |       |       ||     1
Armor: Animal skin       |    19 |     6 |       |       |       |       ||    25
       Chain mail        |       |    50 |   194 |   186 |   290 |   309 ||  1029
Dodge: Dodged            |    48 |    58 |   142 |   180 |   485 |   363 ||  1276
Block: Other             |       |       |       |       |    50 |   128 ||   178
       Reflection        |       |       |       |       |     9 |    22 ||    31

Table legend: (Time is in decaauts)
 A = Elapsed time spent in this place.
 B = Non-inter-level travel time spent in this place.
 C = Inter-level travel time spent in this place.
 D = Time resting spent in this place.
 E = Time spent auto-exploring this place.
 F = Levels seen in this place.
 G = Mean time per level.
                   A        B        C        D        E       F      G
               +--------+--------+--------+--------+--------+-----+--------+
         Total |  42910 |  41407 |   1503 |  16844 |  18110 |  33 | 1300.3 |
       Dungeon |  16210 |  15558 |    652 |   3491 |   9558 |  15 | 1080.7 |
          Lair |   9559 |   9089 |    470 |   3393 |   4703 |   6 | 1593.2 |
     Snake Pit |  13656 |  13339 |    317 |   8481 |   2685 |   4 | 3414.0 |
    Slime Pits |   1066 |   1066 |      0 |    877 |     19 |   5 |  213.2 |
  Orcish Mines |   2092 |   2029 |     63 |    504 |    980 |   2 | 1046.0 |
       Ossuary |    325 |    325 |      0 |     96 |    165 |   1 |  325.0 |
               +--------+--------+--------+--------+--------+-----+--------+

Top non-repeatable levels by time:
 Snake:3: 4266 daAuts
 Snake:4: 3963 daAuts
 Snake:2: 3016 daAuts
 Snake:1: 2410 daAuts
  Lair:4: 2296 daAuts
     D:9: 1942 daAuts
  Lair:6: 1892 daAuts
  Lair:5: 1700 daAuts
   Orc:2: 1454 daAuts
     D:2: 1380 daAuts
  Lair:3: 1355 daAuts
  Lair:1: 1286 daAuts
    D:12: 1285 daAuts
     D:6: 1272 daAuts
    D:14: 1233 daAuts
